Map: [ESL] Ghost River

Players

Clem - Winner!

  • Race: Terran Terran
  • Spawn Location: 1:00

Stats

  • Race: Protoss Protoss
  • Spawn Location: 11:00

Event: ESL Spring 2024 Finals

VOD

Have the link to the VOD?

Description

Time

  • Played on: May 31, 2024, 10:27 a.m.
  • Length: 8:14

All games in this series

Show
View Real Time Build Order
Export as new Build Order

Clem Terran - Winner!

Build Orders: 1/1/1, Cyclone Opening 

Get SALT Encoding   

  12  0:00  SCV  
  13  0:12  SCV  
  14  0:17  Supply Depot  
  14  0:24  SCV  
  15  0:38  SCV  
  15  0:40  Barracks  
  16  0:43  Refinery  
  16  0:50  SCV  
  16  0:52  Refinery  
  17  1:02  SCV  
  18  1:14  SCV  
  19  1:27  Orbital Command  
  19  1:28  Reaper  
  19  1:29  Supply Depot  
  20  1:39  Factory  
  20  1:53  SCV  
  21  2:01  Barracks Reactor  
  21  2:05  SCV  
  22  2:15  Command Center  
  22  2:18  SCV  
  23  2:27  Starport  
  23  2:30  SCV  
  23  2:34  Widow Mine  
  26  2:39  Supply Depot  
  26  2:40  Marine  
  26  2:42  Marine  
  28  2:46  SCV  
  29  2:57  Cyclone  
  31  3:00  Marine x2  
  31  3:01  SCV  
  34  3:07  Medivac  
  36  3:14  SCV  
  36  3:18  Marine x2  
  39  3:26  SCV  
  40  3:28  Orbital Command  
  40  3:31  Factory Tech Lab  
  40  3:35  Marine x2  
  40  3:38  SCV  
  43  3:42  Starport Tech Lab  
  43  3:49  Supply Depot  
  43  3:51  SCV  
  43  3:53  Siege Tank, Marine  
  43  3:54  SCV  
  48  4:03  SCV, Marine  
  48  4:05  Raven  
  48  4:06  SCV  
  50  4:14  Supply Depot, Marine  
  50  4:15  SCV  
  52  4:18  SCV  
  52  4:21  Marine  
  54  4:24  Supply Depot  
  54  4:27  SCV  
  54  4:29  Siege Tank  
  54  4:30  SCV  
  58  4:34  Barracks  
  58  4:39  SCV  
  58  4:42  SCV  
  58  4:44  Barracks  
  60  4:47  Supply Depot, Marine  
  60  4:48  Marine  
  60  4:51  Engineering Bay  
  60  4:52  SCV  
  63  4:57  SCV  
  64  5:01  Refinery  
  64  5:04  SCV, Marine  
  64  5:06  Marine  
  66  5:09  SCV  
  66  5:11  Factory Reactor  
  66  5:13  Supply Depot, Starport Reactor  
  67  5:16  SCV  
  69  5:21  SCV  
  69  5:22  Marine  
  69  5:23  Terran Infantry Weapons Level 1  
  69  5:24  Marine  
  69  5:25  Supply Depot  
  69  5:27  Refinery  
  72  5:28  SCV  
  72  5:31  Marauder, Stimpack  
  72  5:34  SCV  
  75  5:37  Supply Depot  
  75  5:39  Combat Shield  
  75  5:40  Marine  
  75  5:41  Marine  
  79  5:43  Marauder  
  79  5:45  SCV  
  79  5:46  Supply Depot  
  79  5:47  SCV  
  81  5:53  Marauder  
  83  5:57  SCV, Medivac  
  83  5:58  Marine  
  83  5:59  Marine  
  83  6:03  Marine  
  89  6:05  Supply Depot  
  89  6:07  Medivac  
  89  6:09  Widow Mine  
  89  6:11  Widow Mine  
  95  6:14  Marauder  
  95  6:16  Marine  
  95  6:17  Marine  
  99  6:28  Command Center  
  99  6:30  Supply Depot, Marauder  
  101  6:35  Supply Depot, Marine  
  101  6:36  Widow Mine  
  101  6:37  Widow Mine  
  106  6:40  Marauder  
  108  6:49  Marine, Medivac x2  
  113  6:58  Concussive Shells  
  113  7:06  Marine  
  113  7:07  Marauder  
  107  7:08  Widow Mine  
  107  7:11  Marine  
  107  7:12  Marauder  
  107  7:14  SCV  
  103  7:16  SCV, Barracks  
  103  7:17  Supply Depot, Barracks  
  103  7:19  Widow Mine, Medivac  
  108  7:24  Marine, Viking  
  108  7:29  Supply Depot, SCV, Marine  
  113  7:33  Widow Mine  
  113  7:35  Marine  
  116  7:39  Marauder  
  116  7:41  SCV  
  115  7:45  Widow Mine  
  115  7:47  Marine  
  116  7:54  SCV  
  116  7:56  SCV  
  119  8:05  Barracks Tech Lab, Barracks Reactor  
Show
View Real Time Build Order
Export as new Build Order

Stats Protoss 

Build Orders: 1 Gate Expand, Colossus Rush 

Get SALT Encoding   

  12  0:00  Probe  
  13  0:12  Probe  
  14  0:17  Pylon  
  14  0:24  Probe (Chrono Boost)  
  15  0:36  Probe (Chrono Boost)  
  15  0:37  Gateway  
  16  0:45  Probe (Chrono Boost)  
  16  0:46  Assimilator  
  17  0:51  Probe  
  18  1:03  Probe  
  19  1:15  Probe  
  20  1:24  Cybernetics Core  
  20  1:32  Nexus  
  20  1:33  Probe  
  21  1:40  Pylon  
  21  1:45  Assimilator  
  21  1:48  Probe  
  22  1:58  Adept (Chrono Boost)  
  22  2:00  Probe  
  25  2:02  Warp Gate  
  25  2:12  Probe  
  26  2:21  Stalker  
  28  2:24  Probe  
  29  2:36  Probe (Chrono Boost)  
  30  2:40  Robotics Facility  
  30  2:44  Probe (Chrono Boost)  
  30  2:47  Shield Battery  
  30  2:49  Probe (Chrono Boost)  
  30  2:51  Stalker  
  34  2:55  Probe x2 (Chrono Boost)  
  36  3:02  Probe  
  36  3:03  Probe  
  38  3:06  Gateway  
  38  3:15  Probe x2  
  40  3:21  Pylon  
  41  3:27  Observer, Probe (Chrono Boost)  
  41  3:29  Probe (Chrono Boost)  
  43  3:35  Assimilator  
  43  3:37  Assimilator  
  43  3:39  Probe (Chrono Boost), Pylon  
  45  3:43  Probe (Chrono Boost)  
  45  3:45  Observer, Probe (Chrono Boost)  
  47  3:51  Probe  
  47  3:52  Stalker  
  47  3:54  Probe  
  51  4:00  Stalker  
  53  4:03  Probe, Immortal  
  58  4:10  Probe  
  58  4:13  Pylon  
  58  4:15  Observer, Probe  
  58  4:16  Stalker  
  62  4:19  Robotics Bay  
  62  4:23  Pylon  
  62  4:27  Shield Battery  
  62  4:28  Observer  
  62  4:41  Probe x2, Immortal (Chrono Boost)  
  68  4:49  Sentry  
  68  4:50  Pylon  
  70  4:58  Nexus  
  70  4:59  Pylon  
  69  5:17  Pylon  
  69  5:20  Probe, Colossus (Chrono Boost)  
  69  5:21  Probe  
  75  5:35  Shield Battery, Sentry  
  77  5:38  Twilight Council, Probe x2  
  77  5:42  Stalker  
  81  5:50  Probe x2  
  81  5:51  Gateway  
  81  5:52  Gateway  
  83  5:57  Pylon  
  83  6:03  Colossus (Chrono Boost)  
  85  6:04  Probe x2 (Chrono Boost)  
  85  6:05  Extended Thermal Lance  
  85  6:06  Observer  
  85  6:09  Probe (Chrono Boost)  
  95  6:19  Forge, Probe x3 (Chrono Boost)  
  95  6:24  Probe (Chrono Boost)  
  95  6:26  Observer, Probe x2  
  95  6:29  Gateway  
  95  6:32  Gateway  
  98  6:36  Probe  
  98  6:38  Zealot, Probe x2  
  103  6:41  Pylon  
  103  6:44  Shield Battery  
  103  6:50  Zealot x3  
  103  6:53  Observer  
  100  7:14  Stalker x4  
  100  7:15  Probe x3  
  108  7:18  Pylon  
  108  7:24  Assimilator x2  
  108  7:27  Shield Battery, Probe x2  
  110  7:34  Zealot x2  
  106  7:42  Zealot x4  
  86  7:53  Probe  
  86  7:54  Probe x2  
  80  8:00  Stalker x2  
  75  8:07  Pylon  
  75  8:08  Zealot x2  
Tags
 
Add a new tag
Caveats
  • Supply blocks, unpowered buildings, or Contaminate may cause inaccurate times.
  • Supply counts are checked every 10 seconds.